 Dungeon Crawl Stone Soup version 0.30-a0-840-ga523dec638 (webtiles) character file.

Game seed: 17471785695853380898

19 retardedninja the Shield-Bearer (level 2, -1/29 HPs)
             Began as a Gnoll Fighter on Mar 1, 2023.
             Slain by Terence
             ... wielding a +2 antimagic flail
              (3 damage)
             ... on level 2 of the Dungeon.
             The game lasted 00:01:07 (545 turns).

retardedninja the Shield-Bearer (Gnoll Fighter)      Turns: 545, Time: 00:01:08

Health: -1/29      AC:  7    Str: 15    XL:     2   Next: 75%
Magic:  0/2        EV:  9    Int:  7    God:
Gold:   55         SH:  5    Dex: 11    Spells: 2/2 levels left

rFire   . . .      SeeInvis .    a - +0 flail
rCold   . . .      Faith    .    c - +0 buckler
rNeg    . . .      Spirit   .    b - +0 scale mail
rPois   .          Reflect  .    (no helmet)
rElec   .          Harm     .    (no cloak)
rCorr   .          Rampage  .    (no gloves)
Will    .....                    (no boots) Stlth
                                 (no amulet)
HPRegen 0.24/turn                (no ring)
MPRegen 0.08/turn                (no ring)

@: no status effects
A: fangs 1, strong nose, distributed training
a: no special abilities


You were on level 2 of the Dungeon.
You visited 1 branch of the dungeon, and saw 2 of its levels.

You collected 55 gold pieces.

Inventory:

Hand Weapons
 a - a +0 flail (weapon)
Armour
 b - a +0 scale mail (worn)
 c - a +0 buckler (worn)
Scrolls
 e - 2 scrolls of teleportation {unknown}
 f - a scroll of noise {unknown}
Potions
 d - 2 potions of might


   Skills:
 + Level 6.5 Fighting
 + Level 0.5 Short Blades
 + Level 0.5 Long Blades
 + Level 0.5 Axes
 + Level 4.5 Maces & Flails
 + Level 0.5 Polearms
 + Level 0.5 Staves
 + Level 0.5 Ranged Weapons
 + Level 0.5 Throwing
 + Level 6.5 Armour
 + Level 0.5 Dodging
 + Level 0.5 Stealth
 + Level 6.5 Shields
 + Level 0.5 Unarmed Combat
 + Level 0.5 Spellcasting
 + Level 0.4 Conjurations
 + Level 0.4 Hexes
 + Level 0.4 Summonings
 + Level 0.4 Necromancy
 + Level 0.4 Translocations
 + Level 0.4 Transmutations
 + Level 0.4 Fire Magic
 + Level 0.4 Ice Magic
 + Level 0.4 Air Magic
 + Level 0.4 Earth Magic
 + Level 0.4 Poison Magic
 + Level 0.7 Invocations
 + Level 0.5 Evocations


You had 2 spell levels left.
You didn't know any spells.
Your spell library was empty.

Dungeon Overview and Level Annotations

Branches:
Dungeon (1/15)

Altars:

Annotations:
D:2 Terence


Innate Abilities, Weirdness & Mutations

You have very sharp teeth.
Your uncanny sense of smell can sniff out nearby items.
Your experience applies equally to all skills.


Message History

No target in view!
There is an open door here.
Key pressed, stopping explore.
You open the door.
There is an open door here.
Terence the Incautious comes into view.
He is wielding a +2 antimagic flail.
Terence shouts!
Terence is nearby!
Terence is nearby!
Terence bares his teeth.
Terence hits you with a +2 antimagic flail!
You feel your power leaking away.
You hit Terence but do no damage. You block Terence's attack.
Terence hits you with a +2 antimagic flail!
You are too injured to fight recklessly!
You are too injured to fight recklessly!
You are too injured to fight recklessly!
You are too injured to fight recklessly!
You are too injured to fight recklessly!
You are too injured to fight recklessly!
You are too injured to fight recklessly!
You hit Terence but do no damage.
Terence hits you with a +2 antimagic flail.
* * * LOW HITPOINT WARNING * * *
You hit Terence.
Terence is lightly wounded.
Terence shouts, "Now you die!" Terence hits you but does no damage.
You barely miss Terence.
Terence is lightly wounded.
Terence hits you with a +2 antimagic flail.
* * * LOW HITPOINT WARNING * * *
Okay, then.
You closely miss Terence.
Terence is lightly wounded.
Terence barely misses you. You block Terence's attack.
You hit Terence but do no damage.
Terence is lightly wounded.
Terence hits you with a +2 antimagic flail.
You die...

##.#######.###
##..#.....#...#
....#.....#.#.#
....'.....#.#.##
....#.....#....#
....#######....#######.∆
...............'.......
...######......########
...# #.......@@...# ...#
#..............# ...#
#.......####.#+# ####
#####+#... .. ##.. . ..
#.# ∆ ..


You could see Terence.

Vanquished Creatures
  4 ball pythons
  2 endoplasms
  3 goblins (D:1)
  2 hobgoblins (D:1)
  2 kobolds (D:1)
  A bat (D:1)
  A frilled lizard (D:1)
  3 rats
18 creatures vanquished.

Notes
Turn   | Place    | Note
-------+----------+-------------------------------------------
     0 | D:1      | retardedninja the Gnoll Fighter began the quest for the
                  | Orb.
     0 | D:1      | Reached XP level 1. HP: 23/23 MP: 1/1
    15 | D:1      | Found a faded altar of an unknown god.
    97 | D:1      | Reached XP level 2. HP: 26/29 MP: 2/2
   430 | D:1      | You fall into a shaft and drop 1 floor!
   537 | D:2      | Noticed Terence
   545 | D:2      | Slain by Terence

Illustrated notes

Levels and vault maps discovered:
D:1:      ncdulo_halloftheorcs, layout_loops_ring,
          ebering_ecumenical_altar_abandoned, minmay_distorted
D:2:      layout_basic, minmay_stone_trees_small, nrook_mini_vaults,
          uniq_terence, uniq_crazy_yiuf_cottage

Action                     || total
---------------------------++-------
  Melee: Flail             ||    60
         Bite              ||     4
 Armour: Scale mail        ||    21
  Dodge: Dodged            ||    26
  Block: Buckler           ||    20

Table legend: (Time is in decaauts)
 A = Elapsed time spent in this place.
 B = Non-inter-level travel time spent in this place.
 C = Inter-level travel time spent in this place.
 D = Time resting spent in this place.
 E = Time spent auto-exploring this place.
 F = Levels seen in this place.
 G = Mean time per level.
                   A        B        C        D        E       F      G
               +--------+--------+--------+--------+--------+-----+--------+
         Total |    557 |    557 |      0 |    133 |    301 |   2 |  278.5 |
       Dungeon |    557 |    557 |      0 |    133 |    301 |   2 |  278.5 |
               +--------+--------+--------+--------+--------+-----+--------+

Top non-repeatable levels by time:
     D:1: 440 daAuts
     D:2: 116 daAuts
